 Dungeon Crawl Stone Soup version 0.29.1-2-gbd0b4ee654 (webtiles) character file.

Game seed: 15296010637171918060

389 retardedninja the Chopper (level 6, 0/48 (53) HPs)
             Began as a Hill Orc Fighter on Oct 31, 2022.
             Slain by a wight
             ... wielding a +0 scimitar
              (1 damage)
             ... on level 4 of the Dungeon.
             The game lasted 00:05:30 (4203 turns).

retardedninja the Chopper (Hill Orc Fighter)        Turns: 4203, Time: 00:05:32

HP:   0/48 (53)     AC:  8    Str: 21    XL:     6   Next: 79%
MP:   6/6           EV: 10    Int:  8    God:
Gold: 229           SH:  4    Dex: 10    Spells: 5/5 levels left

rFire   . . .      SeeInvis .   a - +0 war axe
rCold   . . .      Faith    .   c - +0 buckler
rNeg    . . .      Spirit   .   b - +0 scale mail
rPois   .          Reflect  .   (no helmet)
rElec   .          Harm     .   (no cloak)
rCorr   .          Rampage  .   (no gloves)
Will    .....                   i - +0 pair of boots
Stlth   ..........              (no amulet)
HPRegen 0.16/turn               (no ring)
MPRegen 0.10/turn               (no ring)

@: mighty, drained
A: no striking features
a: no special abilities


You were on level 4 of the Dungeon.
You visited 1 branch of the dungeon, and saw 4 of its levels.

You collected 229 gold pieces.

Inventory:

Hand Weapons
 a - a +0 war axe (weapon)
Armour
 b - a +0 scale mail (worn)
 c - a +0 buckler (worn)
 i - a +0 pair of boots (worn)
Jewellery
 q - an amulet of regeneration
 s - a ring of protection from fire
Scrolls
 f - 3 scrolls of fog {unknown}
 h - 5 scrolls of identify {unknown}
 j - 2 scrolls of brand weapon {unknown}
 l - 3 scrolls of enchant weapon {unknown}
 n - a scroll of acquirement {unknown}
 r - a scroll of fear {unknown}
Potions
 e - a potion of flight {unknown}
 g - a potion of curing
 k - 2 potions of attraction {unknown}
 m - a potion of degeneration {unknown}
 o - a potion of ambrosia {unknown}
 p - a potion of cancellation {unknown}


   Skills:
 + Level 4.6 Fighting
 + Level 6.0 Axes
 + Level 4.8 Armour
 + Level 1.9 Dodging
 + Level 0.2 Stealth
 + Level 3.9 Shields


You had 5 spell levels left.
You didn't know any spells.
Your spell library contained the following spells:

 Spells                   Type           Power      Damage    Failure   Level
 Apportation              Tloc           0%         N/A       83%         1
 Ensorcelled Hibernation  Hex/Ice        0%         N/A       92%         2
 Passwall                 Tmut/Erth      0%         N/A       92%         2
 Dazzling Flash           Conj/Hex       0%         N/A       99%         3
 Swiftness                Air            0%         N/A       99%         3
 Iskenderun's Mystic Bla  Conj/Tloc      0%         2d3       100%        4
 Alistair's Intoxication  Tmut/Pois      0%         N/A       100%        5
 Starburst                Conj/Fire      0%         6d3       100%        6


Dungeon Overview and Level Annotations

Branches:
Dungeon (4/15)
 Temple: D:4-7

Altars:

Annotations:
D:4 3 runed translucent doors, Anandil's ghost, amateur DsGl


Message History

You hit the wight.
The wight is heavily damaged.
You slash the wight! The wight barely misses you. The wight closely misses you.
You hit the wight but do no damage.
The wight is heavily damaged.
You hit the wight but do no damage. You block the wight's attack. x2
You feel very mighty all of a sudden. You block the wight's attack.
The wight hits you with a +3 long sword.
You feel drained.
Unknown command.
You slice the wight!!
You destroy the wight!
You slash the wight!
You destroy the wight!
Your life force feels restored.
Your Axes skill increases to level 6!
You slash the wight!
The wight is heavily damaged.
You block the wight's attack.
The wight hits you with a +4 great sword.
You feel drained.
You hit the wight.
The wight is severely damaged.
You are too injured to fight recklessly!
Unknown command.
You hit the wight.
The wight is moderately damaged.
You barely miss the wight. You block the wight's attack.
The wight hits you with a +0 scimitar!
* * * LOW HITPOINT WARNING * * *
You feel drained.
* * * LOW HITPOINT WARNING * * *
You barely miss the wight.
The wight is moderately damaged.
You hit the wight. You block the wight's attack.
The wight hits you with a +0 scimitar!
* * * LOW HITPOINT WARNING * * *
You feel drained.
You die...

##.##.#..................##
.).##.#####..#.............
.............###..........#
......#####.####..........#
#.(..## .................
#..### #.#####.........#.
#..# #. .< ##..........
#... ....#.##.#######..
...#. #...z@.......# . ####
#..##z?#####.# # #..# ...#
#####


You could see 2 wights.

Vanquished Creatures
  A phantom (D:4)
  A scorpion (D:4)
  2 wights (D:4)
  An orc priest (D:2)
  An iguana (D:4)
  3 adders
  A worm (D:2)
  5 dart slugs
  3 orcs
  2 bats
  2 endoplasms
  A giant cockroach (D:1)
  9 goblins
  7 hobgoblins
  2 jackals (D:1)
  4 kobolds
  4 quokkas
  7 ball pythons
  4 frilled lizards
  A rat (D:2)
61 creatures vanquished.

Notes
Turn   | Place    | Note
-------+----------+-------------------------------------------
     0 | D:1      | retardedninja the Hill Orc Fighter began the quest for the
                  | Orb.
     0 | D:1      | Reached XP level 1. HP: 19/19 MP: 1/1
    24 | D:1      | Reached XP level 2. HP: 26/27 MP: 2/2
   392 | D:1      | Reached skill level 3 in Axes
   726 | D:1      | Reached XP level 3. HP: 17/33 MP: 3/3
  1664 | D:2      | Found a faded altar of an unknown god.
  2215 | D:2      | Reached skill level 4 in Axes
  2215 | D:2      | Reached XP level 4. HP: 35/40 MP: 4/4
  3197 | D:3      | Reached XP level 5. HP: 46/46 MP: 5/5
  3630 | D:4      | Reached skill level 5 in Axes
  3720 | D:4      | Noticed a phantom
  3735 | D:4      | Killed a phantom
  3736 | D:4      | Reached XP level 6. HP: 41/53 MP: 6/6
  3877 | D:4      | Identified the +6 dagger of Wariness {holy, rN+ MP+9
                  | Stlth+}
  3901 | D:4      | Reached skill level 1 in Dodging
  4172 | D:4      | Noticed Anandil's ghost (amateur DsGl)
  4179 | D:4      | Found a runed translucent gate.
  4179 | D:4      | Found a runed translucent gate.
  4179 | D:4      | Found a runed translucent gate.
  4200 | D:4      | Reached skill level 6 in Axes
  4203 | D:4      | HP: 1/49 [wight/+0 scimitar (7)]
  4203 | D:4      | Slain by a wight

Illustrated notes

Levels and vault maps discovered:
D:1:      minmay_arrival_pointy, layout_basic
D:2:      layout_rooms, basic_ecumenical_altar, roderic_roman_lattice
D:3:      layout_rooms
D:4:      minmay_octagon_keep, layout_basic, gammafunk_ghost_split

Skill      XL: |  1  2  3  4  5  6 |
---------------+-------------------+-----
Fighting       | 4 |  4.6
Axes           | 3 4 5 6 |  6.0
Armour         | 4 |  4.8
Dodging        | 1 |  1.9
Stealth        | |  0.2
Shields        | |  3.9

Action                   |  1- 3 |  4- 6 || total
-------------------------+-------+-------++-------
Melee: War axe           |   110 |   103 ||   213
  Use: Potion            |       |     2 ||     2
Armor: Scale mail        |    56 |    53 ||   109
Dodge: Dodged            |    43 |    44 ||    87
Block: Buckler           |    21 |    21 ||    42
